 Dungeon Crawl Stone Soup version 0.25-a0-1130-g3926558f3a (webtiles) character file.

Game seed: 16338717903797078923, levelgen mode: deterministic

33 kae the Firebug (level 3, -3/19 HPs)
             Began as a Tengu Fire Elementalist on May 19, 2020.
             Engulfed by a cloud of steam (10 damage)
             ... on level 2 of the Dungeon.
             The game lasted 00:00:27 (849 turns).

kae the Firebug (Tengu Fire Elementalist)            Turns: 849, Time: 00:00:27

Health: -3/19      AC:  2    Str:  9    XL:     3   Next: 29%
Magic:  5/7        EV: 12    Int: 15    God:
Gold:   29         SH:  0    Dex: 14    Spells: 6/7 levels left

rFire    . . .     SeeInvis .   (no weapon)
rCold    . . .     Gourm    .   (no shield)
rNeg     . . .     Faith    .   a - +0 robe
rPois    .         Spirit   .   (helmet restricted)
rElec    .         Reflect  .   (no cloak)
rCorr    .         Harm     .   (no gloves)
MR       .....                  (boots unavailable)
Stlth    ++........             (no amulet)
HPRegen  0.06/turn              (no ring)
MPRegen  0.10/turn              (no ring)

@: no status effects
A: beak, talons 3
a: no special abilities


You were on level 2 of the Dungeon.
You were not hungry.

You visited 1 branch of the dungeon, and saw 2 of its levels.

You collected 29 gold pieces.

Inventory:

Armour
 a - a +0 robe (worn)
Scrolls
 d - 2 scrolls of enchant armour {unknown}
 f - 2 scrolls of identify {unknown}
 g - a scroll of teleportation {unknown}
 h - a scroll of magic mapping {unknown}
Potions
 b - a potion of curing {unknown}
 e - a potion of resistance {unknown}
Comestibles
 c - 3 rations


   Skills:
 - Level 2.1 Dodging
 - Level 2.0 Stealth
 + Level 2.5 Spellcasting
 + Level 2.6 Conjurations
 + Level 3.8 Fire Magic


You had 6 spell levels left.
You knew the following spells:

 Your Spells              Type           Power        Failure   Level  Hunger
a - Foxfire               Conj/Fire      ##..         5%          1    #......

Your spell library contained the following spells:

 Spells                   Type           Power        Failure   Level  Hunger
 Conjure Flame            Conj/Fire      ##......     17%         3    ###....
 Inner Flame              Hex/Fire       #.......     28%         3    ###....
 Sticky Flame             Conj/Fire      ##......     50%         4    #####..
 Fireball                 Conj/Fire      ##........   83%         5    ######.


Dungeon Overview and Level Annotations

Branches:
Dungeon (1/15)

Altars:
Okawaru


Innate Abilities, Weirdness & Mutations

You have a beak for a mouth.
You have claws for feet.


Message History

You see here 2 stones.
There are monsters nearby!
There are monsters nearby!
Casting: Foxfire (safe; 5% risk of failure)
Confirm with . or Enter, or press ? or * to list all spells.
You conjure some foxfire!
The goblin closely misses you.
The goblin throws a stone.
The stone closely misses you.
The orc throws a stone.
The stone hits you.
The foxfire hits the goblin.
You kill the goblin!
You hear a splash.
The kobold throws a stone.
The stone hits you but does no damage.
The orc throws a stone.
The stone hits you.
The goblin throws a stone.
The stone barely misses you.
Casting: Foxfire (safe; 5% risk of failure)
Confirm with . or Enter, or press ? or * to list all spells.
You conjure some foxfire!
You are engulfed in a cloud of scalding steam.
Ouch! That really hurt!
You die...

....#.......#
....#.......# #.
##..#.......# #..
....#.......# #..
#...#.......# #.#
....#.......#
#.### #
....#.......#
#.#g#o#.##
....#.##'#'##
#§#v≈g≈≈≈#
.......#.#.#
#v@v.KK.._
..#.####†#.#
#(#(§≈≈≈≈#
..#......#.#
#(##.#.#.#
..#.######.# #.#
## # .#########.#
#.#
...........####.#
..............#
###############


You could see a gnoll, an orc, a goblin and 2 kobolds.

Vanquished Creatures
  2 adders (D:2)
  A giant cockroach (D:1)
  3 hobgoblins (D:1)
  2 jackals (D:1)
  3 goblins
  2 kobolds
  3 rats
16 creatures vanquished.

Vanquished Creatures (others)
  31 foxfires
31 creatures vanquished.

Grand Total: 47 creatures vanquished

Notes
Turn   | Place    | Note
-------+----------+-------------------------------------------
     0 | D:1      | kae the Tengu Fire Elementalist began the quest for the
                  | Orb.
     0 | D:1      | Reached XP level 1. HP: 10/10 MP: 4/4
   327 | D:1      | Reached XP level 2. HP: 11/15 MP: 3/6
   638 | D:1      | You fall into a shaft and drop 1 floor!
   663 | D:2      | Reached XP level 3. HP: 19/19 MP: 2/7
   846 | D:2      | Found an iron altar of Okawaru.
   849 | D:2      | Engulfed by a cloud of steam

Illustrated notes

Levels and vault maps discovered:
D:1:      psy_arrival_statuary, layout_loops_ring,
          nemelex_xobeh_ov_fountains_minmay
D:2:      layout_basic, okawaru_altar_gauntlet_db,
          chequers_ecumenical_altar_island, uniq_natasha

Skill      XL: |  1  2 |
---------------+-------+-----
Conjurations   | 2 |  2.6
Dodging        | |  2.1
Stealth        | |  2.0
Spellcasting   | |  2.5
Fire Magic     | |  3.8

Action                   || total
-------------------------++-------
Melee: Unarmed           ||    20
       Kick              ||     9
       Peck              ||     1
 Cast: Foxfire           ||    21
Armor: Robe              ||     4
Dodge: Dodged            ||    27

Table legend:
 A = Non-vault XP
 B = Vault XP
 C = Vault XP percentage of total XP
 D = Non-vault monster count
 E = Vault monster count
 F = Vault count percentage of total count
                 A         B        C        D         E       F
            +---------+---------+-------+---------+---------+-------
      Total |      46 |       2 |   4.2 |      15 |       1 |   6.2
            +---------+---------+-------+---------+---------+-------
        D:1 |      18 |       0 |   0.0 |      11 |       0 |   0.0
        D:2 |      28 |       2 |   6.7 |       4 |       1 |  20.0
            +---------+---------+-------+---------+---------+-------
